 Dungeon Crawl Stone Soup version 0.24.0-125-gc4c63601f3 (webtiles) character file.

Game seed: 11525292531506132191, levelgen mode: deterministic

4504 Martska the Spear-Bearer (level 10, -3/74 (77) HPs)
             Began as a Merfolk Ice Elementalist on Feb 26, 2020.
             Was a Believer of the Shining One.
             Slain by Harold
             ... wielding a +0 dire flail
              (17 damage)
             ... on level 8 of the Dungeon on Feb 27, 2020.
             The game lasted 00:42:43 (13735 turns).

Martska the Spear-Bearer (MfIE)                    Turns: 13735, Time: 00:42:44

HP:   -3/74 (77)    AC:  8    Str:  8    XL:     10   Next: 39%
MP:   23/23         EV: 21    Int: 15    God:    the Shining One [**....]
Gold: 426           SH:  4    Dex: 18    Spells: 7/15 levels left

rFire    + . .     SeeInvis .   J - +0 spear (venom)
rCold    . . .     Gourm    .   (no shield)
rNeg     + . .     Faith    .   o - +0 leather armour
rPois    .         Spirit   .   (no helmet)
rElec    .         Reflect  +   L - +1 cloak
rCorr    .         Harm     .   O - +2 pair of gloves
MR       .....                  (boots currently unavailable)
Stlth    ++........             F - +4 amulet of reflection
HPRegen  0.22/turn              t - ring of protection from fire
MPRegen  0.18/turn              P - ring of magical power

@: glowing, very quick
A: change form in water, swift swim, stealthy swim
a: Divine Shield, Renounce Religion


You were on level 8 of the Dungeon.
You worshipped the Shining One.
The Shining One was pleased with you.
You were not hungry.

You visited 2 branches of the dungeon, and saw 9 of its levels.

You collected 426 gold pieces.

Inventory:

Hand Weapons
 d - a +0 dagger
 e - a +0 short sword
 j - a +0 dagger of venom
 k - a +0 spear
 J - a +0 spear of venom (weapon)
 K - a +1 whip of freezing
Armour
 a - a +0 robe
 o - a +0 leather armour (worn)
 z - a +0 robe
 A - a +0 cloak
 H - a cursed +0 pair of boots (melded)
 L - a +1 cloak (worn)
 O - a +2 pair of gloves (worn)
Jewellery
 t - a ring of protection from fire (left hand)
 F - a +4 amulet of reflection (around neck)
 P - a ring of magical power (right hand)
Wands
 y - a wand of flame (19)
 M - a wand of paralysis (9)
 N - a wand of iceblast (3)
Scrolls
 b - 2 scrolls of enchant weapon {unknown}
 f - 4 scrolls of enchant armour
 h - 5 scrolls of remove curse
 i - 6 scrolls of identify {unknown}
 m - 2 scrolls of immolation {unknown}
 s - 2 scrolls of teleportation
 v - 4 scrolls of magic mapping
 w - a scroll of amnesia {unknown}
 E - a scroll of fear {unknown}
 G - a scroll of blinking {unknown}
Potions
 g - 2 potions of berserk rage {unknown}
 n - a potion of might {unknown}
 p - 6 potions of agility
 q - 2 potions of heal wounds {unknown}
 r - 3 potions of curing
 u - 3 potions of cancellation {unknown}
 x - 2 potions of brilliance {unknown}
 B - a potion of degeneration {unknown}
 C - 2 potions of haste {unknown}
 D - 4 potions of ambrosia {unknown}
 I - a potion of flight {unknown}
Comestibles
 c - 4 rations


   Skills:
 + Level 6.8 Fighting
 + Level 8.3 Polearms
 * Level 4.2 Armour
 + Level 7.4 Dodging
 - Level 2.2 Stealth
 - Level 3.0 Spellcasting
 - Level 0.7 Conjurations
 + Level 5.7 Charms
 + Level 7.0 Ice Magic
 + Level 3.7 Evocations


You had 7 spell levels left.
You knew the following spells:

 Your Spells              Type           Power        Failure   Level  Hunger
a - Freeze                Ice            ###.         1%          1    #......
b - Ozocubu's Armour      Chrm/Ice       ###.....     6%          3    ###....
c - Throw Icicle          Conj/Ice       ##......     50%         4    #####..

Your spell library contained the following spells:

 Spells                   Type           Power        Failure   Level  Hunger
 Throw Frost              Conj/Ice       ##....       9%          2    ##.....
 Flame Tongue             Conj/Fire      #....        24%         1    #......
 Throw Flame              Conj/Fire      #.....       34%         2    ##.....
 Summon Ice Beast         Ice/Summ       ##......     54%         4    #####..
 Conjure Flame            Conj/Fire      #.......     56%         3    ###....
 Inner Flame              Hex/Fire       #.......     63%         3    ###....
 Sticky Flame             Conj/Fire      #.......     93%         4    #####..
 Fireball                 Conj/Fire      #.........   100%        5    ######.


Dungeon Overview and Level Annotations

Branches:
Dungeon (8/15)             Temple (1/1) D:7
   Lair: D:8-11

Altars:
Ashenzari
Cheibriados
Dithmenos
Elyvilon
Fedhas
Gozag
Hepliaklqana
Kikubaaqudgha
Nemelex Xobeh
Okawaru
Qazlal
Ru
Sif Muna
Trog
Uskayaw
Wu Jian
Xom
Yredelemnul
The Shining One

Annotations:
D:8 2 runed translucent doors, Harold; hallab's ghost, novice MiFi


Message History

Harold gestures at you while chanting.
You barely resist. You hit the yak but do no damage.
Harold gestures at you while chanting. The harpoon shot hits you.
You are yanked forward by the harpoon shot.
Floosh!
You block the yak's attack.
You hit the yak.
The yak is lightly wounded.
The yak gores you!
Harold points at you and mumbles some strange words.
The harpoon shot hits you!
You are yanked forward by the harpoon shot.
Floosh!
The yak gores you!
* * * LOW HITPOINT WARNING * * *
Harold misses you. The yak closely misses you.
Harold hits you with a +0 dire flail!
You die...

#####.%.
#####.......
#...........
#.........?
#o.......###
##@Y......#(# #
##@YY.....##.#.# #
#≈≈≈YYo≈..##Y#'#.#.
#≈≈≈≈≈≈≈≈≈##...Y...
#≈#o≈≈(.≈≈≈≈≈≈oY≈≈≈
###..≈...≈##)YYY...
#†.Y....##.#.#'#.
#.......##.#!# #
#........#.# #
#........########


You could see a death yak, Harold, 5 yaks and 3 orcs.

Vanquished Creatures
  Pikel (D:8)
  6 yaks (D:8)
  Edmund (D:6)
  A water moccasin (D:7)
  An ice beast (D:6)
  A slave (D:8)
  2 orc warriors
  3 necrophages
  A black bear (D:8)
  4 ogres
  A gnoll sergeant (D:6)
  An elf zombie (D:8)
  4 killer bees (D:8)
  An electric eel (D:8)
  2 howler monkeys (D:7)
  A crimson imp (D:8)
  2 jellies
  5 hounds
  A bullfrog skeleton (D:7)
  A centaur skeleton (D:5)
  2 gnoll shamans (D:7)
  3 human zombies (D:8)
  5 orc priests
  8 orc wizards
  Crazy Yiuf (D:7)
  2 human skeletons (D:8)
  An iguana (D:4)
  10 worker ants
  A killer bee zombie (D:7)
  A hound skeleton (D:7)
  3 mummies (D:8)
  7 adders
  21 gnolls
  A shadow imp (D:6)
  An ooze (D:3)
  3 worms
  5 dart slugs
  4 leopard geckos
  27 orcs
  2 ball pythons (D:3)
  7 bats
  4 giant cockroaches
  9 goblins
  3 hobgoblins
  4 jackals (D:7)
  10 kobolds
  2 quokkas
  4 frilled lizards
  A jackal skeleton (D:4)
  A leopard gecko zombie (D:6)
  An orc skeleton (D:8)
  6 rats
200 creatures vanquished.

Vanquished Creatures (others)
  3 slaves (D:8)
  A scorpion (D:8)
4 creatures vanquished.

Grand Total: 204 creatures vanquished

Notes
Turn   | Place    | Note
-------+----------+-------------------------------------------
     0 | D:1      | Martska the Merfolk Ice Elementalist began the quest for
                  | the Orb.
     0 | D:1      | Reached XP level 1. HP: 13/13 MP: 3/3
   260 | D:1      | Reached XP level 2. HP: 15/19 MP: 5/5
   933 | D:2      | Found a sacrificial altar of Ru.
  1014 | D:2      | Reached XP level 3. HP: 19/25 MP: 1/6
  1028 | D:2      | Reached skill level 1 in Fighting
  1868 | D:3      | Found a faded altar of an unknown god.
  2040 | D:3      | Reached skill level 1 in Polearms
  2040 | D:3      | Reached XP level 4. HP: 24/33 MP: 3/7
  2336 | D:3      | Reached XP level 5. HP: 30/39 MP: 5/8
  2376 | D:3      | Reached skill level 2 in Polearms
  3318 | D:4      | Reached skill level 3 in Polearms
  3318 | D:4      | Reached XP level 6. HP: 47/47 MP: 4/10
  3369 | D:4      | Noticed an orc warrior
  3378 | D:5      | Entered Level 5 of the Dungeon
  3448 | D:5      | Noticed a necrophage
  3473 | D:5      | Killed a necrophage
  3479 | D:5      | Learned a level 3 spell: Ozocubu's Armour
  3484 | D:5      | Learned a level 4 spell: Throw Icicle
  3758 | D:4      | Reached skill level 4 in Polearms
  3758 | D:4      | Reached skill level 1 in Charms
  3758 | D:4      | Reached XP level 7. HP: 50/50 MP: 3/11
  4078 | D:4      | Reached skill level 5 in Ice Magic
  4089 | D:4      | Found a sparkling altar of Nemelex Xobeh.
  4301 | D:4      | Reached skill level 5 in Polearms
  5166 | D:5      | Found a stormy altar of Qazlal.
  5181 | D:5      | Reached XP level 8. HP: 58/58 MP: 7/12
  5234 | D:5      | Found a hide-covered altar of Uskayaw.
  5455 | D:4      | Reached skill level 5 in Dodging
  5657 | D:5      | Reached skill level 5 in Fighting
  5657 | D:5      | Reached skill level 6 in Polearms
  5937 | D:6      | HP: 2/59 [ice beast (14)]
  6510 | D:6      | Reached skill level 1 in Armour
  6525 | D:6      | Found a hazy altar of Hepliaklqana.
  6659 | D:6      | Noticed Edmund
  6671 | D:6      | Killed Edmund
  6679 | D:6      | Found a shimmering altar of Xom.
  6789 | D:6      | Reached skill level 1 in Evocations
  7349 | D:7      | Found a staircase to the Ecumenical Temple.
  7364 | Temple   | Entered the Ecumenical Temple
  7408 | Temple   | Became a worshipper of the Shining One
  7892 | Temple   | Reached XP level 9. HP: 59/65 MP: 10/13
  8302 | D:7      | Reached skill level 7 in Polearms
  9659 | D:7      | The Shining One protects you from harm!
 10051 | D:7      | Found a runed translucent door.
 10052 | D:7      | Noticed Crazy Yiuf
 10098 | D:7      | Killed Crazy Yiuf
 10503 | D:8      | Found a large runed translucent door.
 10503 | D:8      | Found a large runed translucent door.
 10518 | D:8      | Noticed a two-headed ogre
 10636 | D:7      | HP: 3/66 [two-headed ogre/+0 giant spiked club (5)]
 10944 | D:8      | Noticed hallab's ghost (novice MiFi)
 11502 | D:8      | Noticed Pikel
 11520 | D:8      | Killed Pikel
 11955 | D:8      | Reached skill level 5 in Charms
 11964 | D:8      | Reached * piety under the Shining One
 12093 | D:8      | Reached XP level 10. HP: 65/74 MP: 14/14
 12141 | D:8      | Reached skill level 8 in Polearms
 12367 | D:8      | Found an ancient bone altar of Kikubaaqudgha.
 12639 | D:8      | Reached ** piety under the Shining One
 12771 | D:8      | Noticed a death yak
 12869 | D:8      | Noticed Harold
 13735 | D:8      | Slain by Harold

Levels and vault maps discovered:
D:1:      co_arrival_square_in_a_square_in_a_square, layout_basic
D:2:      layout_basic, overflow_temple_1_default
D:3:      layout_rooms, first_ration, chequers_ecumenical_altar_simple,
          corexii_shack
D:4:      layout_basic, nicolae_overflow_crystal_walls, guppyfry_early_orc_mine
D:5:      minmay_spotlight, layout_cave_pools, lemuel_crystal_altar,
          lemuel_crystal_altar
D:6:      layout_loops_ring, lemuel_coloured_pillars_altar, lemuel_doored_altar,
          uniq_edmund
D:7:      layout_cave_pools, minmay_temple_entry_overgrown,
          uniq_crazy_yiuf_cottage
D:8:      argonaut_augean_stables, layout_rooms,
          lemuel_mausoleum_altar_kikubaaqudgha, ebering_ghost_disaster_area,
          uniq_harold, uniq_pikel
Temple:   minmay_temple_bridge_abc

Skill      XL: |  1  2  3  4  5  6  7  8  9 10 |
---------------+-------------------------------+-----
Ice Magic      | 4 5 6 7 |  7.0
Dodging        | 3 4 5 6 7 |  7.4
Fighting       | 2 3 4 5 6 |  6.8
Polearms       | 1 3 4 5 6 7 8 |  8.3
Spellcasting   | 3 |  3.0
Charms         | 1 2 4 5 |  5.7
Armour         | 2 3 4 |  4.2
Evocations     | 1 3 |  3.7
Stealth        | |  2.2
Conjurations   | |  0.7

Action                   |  1- 3 |  4- 6 |  7- 9 | 10-12 || total
-------------------------+-------+-------+-------+-------++-------
Melee: Short sword       |    29 |       |       |       ||    29
       Dagger            |    19 |       |       |       ||    19
       Spear             |    18 |    81 |   347 |   225 ||   671
       Tailslap          |       |       |       |    11 ||    11
 Cast: Freeze            |    34 |    75 |   263 |     3 ||   375
       Ozocubu's Armour  |       |       |     9 |     5 ||    14
       Throw Icicle      |       |       |       |     2 ||     2
Evoke: Wand              |       |       |     1 |       ||     1
  Use: Scroll            |       |     2 |     4 |       ||     6
       Potion            |       |       |     1 |       ||     1
 Stab: Sleeping          |     3 |     1 |     3 |       ||     7
  Eat: Chunk             |     3 |     1 |     7 |     1 ||    12
       Ration            |     1 |     1 |     6 |     2 ||    10
Armor: Robe              |    24 |       |     8 |       ||    32
       Leather armour    |       |    34 |   106 |    25 ||   165
Dodge: Dodged            |    60 |    96 |   435 |    98 ||   689
Block: Other             |       |       |    64 |    16 ||    80
       Reflection        |       |       |       |     1 ||     1
